 Dungeon Crawl Stone Soup version 0.30-a0-1124-g6e8f0f562f (webtiles) character file.

Game seed: 11382114575670196081

542 Darkkill the Shooter (level 7, 0/61 HPs)
             Began as a Minotaur Hunter on Apr 23, 2023.
             Was an Initiate of Gozag.
             Slain by an ogre
             ... wielding a +0 giant club
              (29 damage)
             ... on level 5 of the Dungeon.
             The game lasted 00:04:10 (3579 turns).

Darkkill the Shooter (Minotaur Hunter)              Turns: 3579, Time: 00:04:11

Health: 0/61       AC:  4    Str: 15    XL:     7   Next: 6%
Magic:  6/6        EV: 13    Int:  6    God:    Gozag
Gold:   126        SH:  0    Dex: 16    Spells: 6/6 levels left

rFire   . . .        a - +1 shortbow
rCold   . . .        (shield currently unavailable)
rNeg    . . .        c - +1 leather armour
rPois   .            (helmet restricted)
rElec   .            (no cloak)
rCorr   .            (no gloves)
SInv    .            (no boots)
Will    .....        (no amulet)
Stlth   ++           (no ring)
HPRegen 0.30/turn    (no ring)
MPRegen 0.10/turn

%: no passive effects
@: no status effects
A: horns 2, retaliatory headbutt
a: Renounce Religion, Potion Petition, Call Merchant, Bribe Branch


You were on level 5 of the Dungeon.
You worshipped Gozag.
Gozag was aware of your devotion.
You visited 1 branch of the dungeon, and saw 5 of its levels.

You collected 1121 gold pieces.
You paid 995 gold pieces to Gozag.

Inventory:

Hand Weapons
 a - a +1 shortbow (weapon)
Missiles
 d - 33 stones
 f - 2 throwing nets {=f !f}
 i - 3 boomerangs
Armour
 c - a +1 leather armour (worn)
 p - a +0 pair of boots
Jewellery
 q - a ring of ice
 u - a ring of flight
Wands
 j - a wand of roots (13)
 l - a wand of light (11)
Scrolls
 b - 3 scrolls of immolation
 r - 2 scrolls of teleportation
Potions
 e - a potion of curing {unknown}
 g - a potion of berserk rage {unknown}
 h - 2 potions of cancellation
 k - a potion of haste {unknown}
 m - a potion of ambrosia {unknown}
 n - a potion of lignification {unknown}
 o - 3 potions of flight
 t - 2 potions of attraction {unknown}


   Skills:
 + Level 5.0 Fighting
 + Level 6.0 Ranged Weapons
 + Level 4.6 Dodging
 + Level 3.3 Stealth


You had 6 spell levels left.
You didn't know any spells.
Your spell library contained the following spells:

 Spells                   Type           Power      Damage    Failure   Level
 Magic Dart               Conj           0%         1d3       52%         1
 Sandblast                Erth           0%         2d4       52%         1
 Passwall                 Tmut/Erth      0%         N/A       67%         2
 Searing Ray              Conj           0%         2d4       67%         2
 Call Canine Familiar     Summ           0%         N/A       88%         3
 Portal Projectile        Hex/Tloc       0%         N/A       88%         3
 Stone Arrow              Conj/Erth      0%         3d7       88%         3
 Fulminant Prism          Conj/Hex       0%         3d5       99%         4
 Leda's Liquefaction      Hex/Erth       0%         N/A       99%         4
 Ozocubu's Refrigeration  Ice            0%         4d7       100%        7
 Polar Vortex             Ice            0%         N/A       100%        9
 Simulacrum               Ice/Necr       Unusable   N/A       N/A         6

Dungeon Overview and Level Annotations

Branches:
Dungeon (5/15)
 Temple: D:4-7

Altars:
Cheibriados
Elyvilon
Gozag
Makhleb
Qazlal
Sif Muna
Lugonu

Shops:
D:3 (

Portals:
Abyss: D:3

Annotations:
D:3 2 runed translucent doors


Innate Abilities, Weirdness & Mutations

You have a pair of horns on your head.
You reflexively headbutt those who attack you in melee.


Message History

Could not explore, unopened runed door.
Could not explore, unopened runed door.
There's something in the way.
There's something in the way.
Could not explore, unopened runed door.
There's something in the way.
Could not explore, unopened runed door.
As you read the scroll labelled PUDIERE QUNTIH, it crumbles to dust.
It is a scroll of identify.
h - 2 potions of cancellation
As you read the scroll of identify {@r1}, it crumbles to dust.
o - 3 potions of flight You see here a +0 club.
You see here a +0 club. [a] 673 gold - Wusibook's Weapon Shoppe [b] 784 gold - Maecaw's Book Emporium [c] 724 gold - Ypuesi's Antique Weapon Shop Fund which merchant?
You no longer have enough gold to petition Gozag for potion effects.
You no longer have enough gold to fund merchants seeking to open stores in the dungeon.
Ypuesi invites you to visit his Antique Weapon Shop.
There is a stone staircase leading down here.
You climb downwards.
There is a stone staircase leading up here.
There is a stone staircase leading down here.
You climb downwards.
You hear the hiss of flowing sand.
There is an entrance to an ossuary on this level.
Hurry and find it before the portal is buried!
Found 10 gold pieces.
Found a stone staircase leading up.
There is a stone staircase leading up here.
You shoot an arrow. The arrow hits the hound!
The hound is severely wounded.
A hound is nearby!
You shoot an arrow. The arrow hits the hound.
You kill the hound!
Your Ranged Weapons skill increases to level 6!
You have reached level 7!
You now have 121 gold pieces (gained 10).
You now have 126 gold pieces (gained 5).
An orc comes into view. It is wielding a +0 club.
You shoot an arrow. The arrow hits the orc.
The orc shouts!
The orc is almost dead.
You hear a shout!
An orc is nearby!
An orc is nearby!
You shoot an arrow. The arrow hits the orc.
You kill the orc!
An ogre comes into view. It is wielding a +0 giant club.
Found a stone staircase leading down.
Things that are here:
3 gold pieces; a +0 club You shoot an arrow.
The arrow hits the ogre.
The ogre is lightly wounded.
You shoot an arrow. The arrow hits the ogre.
The ogre is lightly wounded.
An ogre is nearby!
You shoot an arrow. The arrow hits the ogre.
The ogre is moderately wounded.
An ogre is nearby!
You shoot an arrow. The arrow barely misses the ogre.
An ogre is nearby!
You shoot an arrow. The arrow hits the ogre.
The ogre is moderately wounded.
The ogre hits you with a +0 giant club!!
Ouch! That really hurt!
An ogre is nearby!
You are too injured to fight recklessly!
An ogre is nearby!
You are too injured to fight recklessly!
You are too injured to fight recklessly!
Fire: a) +1 shortbow
Press: ? - help, Q - select action, (/) - cycle Shift-Dir - straight line, f/p - ogre
Aim: an ogre, wielding a +0 giant club (moderately wounded, 79% to hit)
You shoot an arrow. The arrow hits the ogre.
The ogre is heavily wounded.
You hear the slow hiss of a distant avalanche of sand.
Fire: a) +1 shortbow
Press: ? - help, Q - select action, (/) - cycle Shift-Dir - straight line, f/p - ogre
Aim: an ogre, wielding a +0 giant club (heavily wounded, 79% to hit)
You shoot an arrow. The arrow hits the ogre.
The ogre is heavily wounded.
The ogre barely misses you.
Fire: a) +1 shortbow
Press: ? - help, Q - select action, (/) - cycle Shift-Dir - straight line, f/p - ogre
Aim: an ogre, wielding a +0 giant club (heavily wounded, 79% to hit)
You shoot an arrow.
The arrow hits the ogre but does no damage.
The ogre is heavily wounded.
The ogre closely misses you. You furiously retaliate!
You headbutt the ogre, but do no damage.
Fire: a) +1 shortbow
Press: ? - help, Q - select action, (/) - cycle Shift-Dir - straight line, f/p - ogre
Aim: an ogre, wielding a +0 giant club (heavily wounded, 79% to hit)
You shoot an arrow. The arrow hits the ogre.
The ogre is heavily wounded.
A scorpion comes into view.
The ogre hits you with a +0 giant club!!
You die...
Your body crumbles into a pile of gold.

.. #≈ .............#
##≈≈ .............###≈≈
..(............≈≈≈
......^.. ....~~≈#######
.....#... #..~~........
..#.....####.###...#####
.....sO.#.....#..#.#
#.@........##.#
#.##......###.#
#........## #.###
........### #...###
#......#.# ###....
.......#.######......
...................#..
#>..................##.
#.##......# .


You could see an ogre and a scorpion.

Vanquished Creatures
  Sigmund (D:4)
  A scorpion (D:4)
  A hound (D:5)
  2 iguanas (D:4)
  Natasha (thrice) (D:3)
  2 orc wizards (D:4)
  Robin (D:2)
  An adder (D:2)
  A dart slug (D:1)
  14 orcs
  4 ball pythons
  6 endoplasms
  2 giant cockroaches
  7 goblins
  10 hobgoblins
  6 kobolds
  3 quokkas (D:1)
  10 bats
  2 frilled lizards
  9 rats
86 creatures vanquished.

Notes
Turn   | Place    | Note
-------+----------+-------------------------------------------
     0 | D:1      | Darkkill the Minotaur Hunter began the quest for the Orb.
     0 | D:1      | Reached XP level 1. HP: 18/18 MP: 0/0
    60 | D:1      | Reached skill level 1 in Stealth
    76 | D:1      | Reached XP level 2. HP: 25/25 MP: 1/1
   956 | D:2      | Reached XP level 3. HP: 27/31 MP: 2/2
   979 | D:2      | Found a faded altar of an unknown god.
  1096 | D:2      | Noticed Robin
  1101 | D:2      | Killed Robin
  1118 | D:2      | Reached XP level 4. HP: 33/38 MP: 3/3
  1296 | D:2      | Found a stormy altar of Qazlal.
  1806 | D:2      | Identified a scroll of acquirement
  1806 | D:2      | Acquired 744 gold pieces
  1961 | D:3      | Found a large runed translucent door.
  1962 | D:3      | Found a large runed translucent door.
  1963 | D:3      | Found a corrupted altar of Lugonu.
  1975 | D:3      | Noticed Natasha
  1978 | D:3      | Killed Natasha
  1979 | D:3      | Reached skill level 5 in Ranged Weapons
  1980 | D:3      | Noticed Natasha
  1991 | D:3      | Killed Natasha
  2102 | D:3      | Reached XP level 5. HP: 46/46 MP: 4/4
  2104 | D:3      | Found a snail-covered altar of Cheibriados.
  2105 | D:3      | Found a white marble altar of Elyvilon.
  2106 | D:3      | Found a burning altar of Makhleb.
  2106 | D:3      | Found an opulent altar of Gozag.
  2107 | D:3      | Found a shimmering blue altar of Sif Muna.
  2181 | D:3      | Became a worshipper of Gozag Ym Sagoz the Greedy
  2228 | D:3      | Noticed Natasha
  2236 | D:3      | Killed Natasha
  2357 | D:3      | Found a one-way gate to the infinite horrors of the Abyss.
  2438 | D:3      | You fall into a shaft and drop 1 floor!
  2719 | D:4      | Noticed Sigmund
  2728 | D:4      | HP: 9/46 [scorpion (1)]
  2730 | D:4      | Reached XP level 6. HP: 6/53 MP: 5/5
  2737 | D:4      | Killed Sigmund
  3116 | D:4      | Reached skill level 5 in Fighting
  3529 | D:5      | Entered Level 5 of the Dungeon
  3532 | D:5      | Reached skill level 6 in Ranged Weapons
  3532 | D:5      | Reached XP level 7. HP: 61/61 MP: 6/6
  3579 | D:5      | Slain by an ogre

Illustrated notes

Levels and vault maps discovered:
D:1:      minmay_arrival_diagonal_passages, layout_basic, st_stairs_9,
          hangedman_decor_push
D:2:      layout_loops_cross, basic_altar, ebering_ecumenical_altar_abandoned,
          minmay_nonomino_d4, uniq_robin
D:3:      due_chaos_kobolds, layout_basic, grunt_temple_overflow_open,
          uniq_natasha
D:4:      layout_loops_ring, uniq_sigmund
D:5:      layout_rooms, mainiacjoe_overflow_surrounded_room,
          nicolae_kikubaaqudgha_miasma_corner, minmay_temple_entry_stoned_glass,
          lightli_ossuary_entry_decrepit_ruins, nicolae_stop_n_shop_2,
          kennysheep_opposing_triangles, uniq_duvessa

Skill      XL: |  1  2  3  4  5  6 |
---------------+-------------------+-----
Stealth        | 1 2 3 |  3.3
Fighting       | 3 4 5 |  5.0
Dodging        | 3 4 |  4.6
Ranged Weapons | 5 6 |  6.0

Action                     |  1- 3 |  4- 6 |  7- 9 || total
---------------------------+-------+-------+-------++-------
   Fire: Shortbow          |    94 |   128 |    11 ||   233
 Invoke: Potion Petition   |       |     1 |       ||     1
         Call Merchant     |       |     1 |       ||     1
  Evoke: Wand              |       |     2 |       ||     2
    Use: Scroll            |     1 |     9 |       ||    10
 Armour: Leather armour    |    14 |    16 |       ||    30
  Dodge: Dodged            |    32 |    44 |     2 ||    78

Table legend: (Time is in decaauts)
 A = Elapsed time spent in this place.
 B = Non-inter-level travel time spent in this place.
 C = Inter-level travel time spent in this place.
 D = Time resting spent in this place.
 E = Time spent auto-exploring this place.
 F = Levels seen in this place.
 G = Mean time per level.
                   A        B        C        D        E       F      G
               +--------+--------+--------+--------+--------+-----+--------+
         Total |   3646 |   3490 |    156 |    195 |   2797 |   5 |  729.2 |
       Dungeon |   3646 |   3490 |    156 |    195 |   2797 |   5 |  729.2 |
               +--------+--------+--------+--------+--------+-----+--------+

Top non-repeatable levels by time:
     D:1: 963 daAuts
     D:2: 951 daAuts
     D:4: 892 daAuts
     D:3: 785 daAuts
     D:5: 52 daAuts

Table legend:
 A = Kills in this place as a percentage of kills in the entire game.
 B = Kills by you in this place as a percentage of kills by you in the entire game.
 C = Kills by friends in this place as a percentage of kills by friends in the entire game.
 D = Other kills in this place as a percentage of other kills in the entire game.
 E = Experience gained in this place as a percentage of experience gained in the entire game.
 F = Experience gained in this place divided by the number of levels of this place that you have seen.
                   A       B       C       D       E      F
               +-------+-------+-------+-------+-------+----------------------
         Total | 100.0 | 100.0 |   N/A |   N/A | 100.0 | 155.0
       Dungeon | 100.0 | 100.0 |   N/A |   N/A | 100.0 | 155.0
               +-------+-------+-------+-------+-------+----------------------
